 Dungeon Crawl Stone Soup version 0.19-a0-734-ge18daf0 (webtiles) character file.

533 tyrsky the Insei (level 7, -1/47 HPs)
             Began as an Octopode Transmuter on June 22, 2016.
             Slain by an ice beast (13 damage)
             ... on level 5 of the Dungeon.
             The game lasted 00:12:11 (5424 turns).

tyrsky the Insei (Octopode Transmuter)              Turns: 5424, Time: 00:12:12

Health: -1/47      AC:  1    Str: 11    XL:     7   Next: 24%
Magic:  10/10      EV: 13    Int: 16    God:
Gold:   273        SH:  0    Dex: 12    Spells: 3 memorised, 4 levels left

rFire  . . .     SeeInvis .       - Unarmed
rCold  . . .     Gourm    .     (no shield)
rNeg   . . .     Faith    .     (helmet restricted)
rPois  .         Spirit   .     p - amulet of magic regeneration
rElec  .         Dismiss  .     (no ring)
rCorr  .         Reflect  .     (no ring)
SustAt .         Harm     .     (no ring)
MR     .....                    (no ring)
Stlth  +++.......               (no ring)
                                (no ring)
                                (no ring)
                                (no ring)

@: not resistant to hostile enchantments, fairly stealthy
A: almost no armour, amphibious, 8 rings, constrict 8, camouflage 1, gelatinous
body 1
a: no special abilities


You were on level 5 of the Dungeon.
You were near starving.

You visited 2 branches of the dungeon, and saw 7 of its levels.

You collected 273 gold pieces.

Inventory:

Missiles
 a - 27 arrows
Jewellery
 p - an amulet of magic regeneration (around mantle)
Scrolls
 h - 2 scrolls of identify {@*1}
 j - a scroll of recharging
Potions
 d - 3 potions of mutation
 e - 3 potions of heal wounds {unknown}
 i - 2 potions of magic
 t - a potion of invisibility
Books
 b - a book of Changes

   Spells                             Type                      Level
   a - Beastly Appendage              Transmutation                1
   b - Sticks to Snakes               Transmutation                2
   c - Spider Form                    Transmutation/Poison         3
   d - Ice Form                       Ice/Transmutation            4
   e - Blade Hands                    Transmutation                5
Comestibles
 c - 3 bread rations
 f - 2 beef jerkies
 k - 3 fruits


   Skills:
 * Level 3.7 Fighting
 * Level 3.8 Dodging
 + Level 2.7 Stealth
 * Level 4.7 Unarmed Combat
 - Level 2.0 Spellcasting
 * Level 3.9 Transmutations


You had 4 spell levels left.
You knew the following spells:

 Your Spells              Type           Power        Failure   Level  Hunger
a - Beastly Appendage     Tmut           ##....       6%          1    #......
b - Sticks to Snakes      Tmut           ##......     10%         2    ###....
c - Spider Form           Tmut/Pois      #.........   34%         3    ###....


Dungeon Overview and Level Annotations

Branches:
Dungeon (6/15)             Temple (1/1) D:4

Altars:
Ashenzari
Dithmenos
Fedhas
Hepliaklqana
Kikubaaqudgha
Makhleb
Nemelex Xobeh
Qazlal
Sif Muna
Trog
Vehumet
Xom
Yredelemnul

Annotations:
D:3 tstbtto's ghost, amateur GrFi


Innate Abilities, Weirdness & Mutations

You cannot wear most types of armour.
You are amphibious.
You can wear up to eight rings at the same time.
You can use your tentacles to constrict eight enemies at once.
Your skin changes colour to match your surroundings (Stealth+).
Your rubbery body absorbs attacks. (AC +1)


Message History

* * * LOW HITPOINT WARNING * * *
You barely miss the ice beast.
Your tentacle spike misses the ice beast.
You squeeze the ice beast.
The ice beast is heavily wounded.
You bump into the rock wall.
You feel less invigorated.
You feel less confused. The ice beast hits you. The ice beast freezes you!
* * * LOW HITPOINT WARNING * * *
You tentacle-slap the ice beast.
You pierce the ice beast, but do no damage.
The ice beast is severely wounded.
Your tentacle spike disappears.
The ice beast completely misses you.
You barely miss the ice beast.
The ice beast is severely wounded.
The ice beast hits you.
* * * LOW HITPOINT WARNING * * *
The ice beast freezes you!
You die...

........#..##.##..#
.#####...#....# ..# ..
#.#..=..## ....
>...###.#..##.##..##.
............#..#..#
..####.##...#....#
#.)..##.#.##...##
#....##>#....#..## ## #######
#x...##[###.......
...##.....###Y....)......5....
.....o.....##....##...#.##....
.......<....#....####.).......
!......o........####..........
............###..##..#..#.....
....#####...............# ###.
... ##..####.....##.# .. #..#
#..### ###


You could see an ice beast.

Vanquished Creatures
  A phantom (D:5)
  2 scorpions (D:4)
  A crimson imp (D:5)
  An orc priest (D:3)
  3 orc wizards
  A worker ant (D:5)
  2 gnolls
  A howler monkey skeleton (D:4)
  4 adders
  An adder skeleton (D:5)
  2 dart slugs
  2 worms
  4 giant geckos
  15 orcs
  3 ball pythons
  5 bats
  4 giant cockroaches
  11 goblins
  5 hobgoblins
  A jackal (D:3)
  A kobold (D:1)
  2 quokkas
  A giant newt (D:2)
  A jackal skeleton (D:5)
  A jackal zombie (D:5)
  7 rats
82 creatures vanquished.

Vanquished Creatures (collateral kills)
  A hound (D:5)
  5 gnolls
  2 orcs
  2 jackals (D:3)
  A giant newt (D:5)
11 creatures vanquished.

Vanquished Creatures (others)
  4 fungi (D:5)
4 creatures vanquished.

Grand Total: 97 creatures vanquished

Notes
Turn   | Place    | Note
--------------------------------------------------------------
     0 | D:1      | tyrsky the Octopode Transmuter began the quest for the Orb.
     0 | D:1      | Reached XP level 1. HP: 13/13 MP: 3/3
   214 | D:1      | Reached XP level 2. HP: 18/18 MP: 5/5
  1027 | D:2      | Reached XP level 3. HP: 12/24 MP: 4/6
  1035 | D:2      | Learned a level 2 spell: Sticks to Snakes
  1039 | D:2      | Learned a level 3 spell: Spider Form
  1540 | D:2      | Reached XP level 4. HP: 20/29 MP: 7/7
  1969 | D:3      | Noticed tstbtto's ghost (amateur GrFi)
  2371 | D:4      | Reached XP level 5. HP: 28/35 MP: 8/8
  2717 | D:3      | Reached skill level 1 in Stealth
  2717 | D:3      | Reached skill level 4 in Unarmed Combat
  3532 | D:4      | Found a staircase to the Ecumenical Temple.
  3539 | Temple   | Entered the Ecumenical Temple
  3826 | D:4      | Reached XP level 6. HP: 30/42 MP: 9/9
  5010 | D:5      | Entered Level 5 of the Dungeon
  5070 | D:5      | Noticed a phantom
  5144 | D:5      | Killed a phantom
  5144 | D:5      | Reached XP level 7. HP: 41/46 MP: 8/10
  5414 | D:5      | HP: 2/47 [ice beast (5)]
  5424 | D:5      | Slain by an ice beast

Vault maps used:
D:1:      dpeg_arrival_chase, lemuel_flame_loot_1
D:4:      first_bread
D:5:      kennysheep_steamy, makhleb_blood_cavern_becter
D:6:      grunt_pakellas_mercury
Temple:   oiseaux_autumnal_temple

Skill      XL: |  1  2  3  4  5  6 |
---------------+-------------------+-----
Fighting       | 2 3 |  3.7
Transmutations | 3 |  3.9
Stealth        | 1 2 |  2.7
Unarmed Combat | 4 |  4.7
Dodging        | 3 |  3.8
Spellcasting   | |  2.0

Action                   |  1- 3 |  4- 6 |  7- 9 || total
-------------------------+-------+-------+-------++-------
Melee: Unarmed           |    64 |   160 |    28 ||   252
       Constrict         |    15 |    37 |     6 ||    58
       Kick              |     5 |    30 |    10 ||    45
       Tentacles         |     5 |    25 |     7 ||    37
       Punch             |       |     4 |     1 ||     5
 Cast: Beastly Appendage |     4 |    13 |     3 ||    20
       Sticks to Snakes  |     3 |     6 |    12 ||    21
       Spider Form       |       |     2 |       ||     2
  Use: Scroll            |       |    10 |     1 ||    11
       Potion            |       |     5 |     2 ||     7
 Stab: Sleeping          |     1 |     1 |       ||     2
       Distracted        |       |     1 |     2 ||     3
  Eat: Chunk             |     1 |     7 |       ||     8
       Meat ration       |       |     1 |       ||     1
       Pizza             |       |       |     1 ||     1
Armor: Skin              |    11 |     8 |     1 ||    20
Dodge: Dodged            |    49 |    99 |    19 ||   167
